 Dungeon Crawl Stone Soup version 0.30-a0-4-ga7cffc901d (webtiles) character file.

Game seed: 12760072182093254551

63680 siradein the Severer (level 15, -1/130 HPs)
             Began as a Hill Orc Fighter on Aug 22, 2022.
             Was the Champion of Kikubaaqudgha.
             Shot with a bolt by an orc warlord (29 damage)
             ... on level 1 of the Orcish Mines.
             The game lasted 01:07:29 (18497 turns).

siradein the Severer (Hill Orc Fighter)            Turns: 18497, Time: 01:07:31

Health: -1/130     AC: 18    Str: 24    XL:     15   Next: 10%
Magic:  5/24       EV: 10    Int: 20    God:    Kikubaaqudgha [******]
Gold:   1866       SH:  5    Dex: 10    Spells: 3/26 levels left

rFire   + . .      SeeInvis .    v - +9 broad axe (pain)
rCold   + . .      Faith    .    a - +0 buckler
rNeg    + . .      Spirit   .    h - +3 ring mail {rN+}
rPois   .          Reflect  .    K - +0 helmet
rElec   .          Harm     .    (no cloak)
rCorr   .          Rampage  .    D - +2 pair of gloves {Str+3}
Will    +....                    j - +1 pair of boots
Stlth   ..........               i - amulet of regeneration
HPRegen 1.11/turn                Q - ring of the Princeling {Fly rF+ rC+ Int+6}
MPRegen 0.19/turn                m - ring of wizardry

@: wereblooded, on blink cooldown, animating dead, flying
A: no striking features
a: Renounce Religion, Unearth Wretches, Torment


You were on level 1 of the Orcish Mines.
You worshipped Kikubaaqudgha.
Kikubaaqudgha was exalted by your worship.
You visited 4 branches of the dungeon, and saw 21 of its levels.
You also visited: Bailey.

You collected 3828 gold pieces.
You spent 1962 gold pieces at shops.

Inventory:

Hand Weapons
 c - a +3 executioner's axe of electrocution
 v - a +9 broad axe of pain (weapon)
 O - the +6 broad axe of Xuyroir {flame, rElec Str+6}
   (You took it off a kobold on level 10 of the Dungeon)

   It burns those it strikes, dealing additional fire damage.
   Big, fiery blades are also staple armaments of hydra-hunters.
   Str:       It affects your strength (+6).
   rElec:     It insulates you from electricity.
 Y - the +9 trident of Ambiguity {spect, rC+ Str+3}
   (You found it on level 4 of the Lair of Beasts)

   When its wielder attacks, the weapon's spirit leaps out and strikes again.
   The spirit shares a part of any damage it takes with its wielder.
   Str:       It affects your strength (+3).
   rC:        It protects you from cold.
Missiles
 b - 12 javelins
 A - 17 boomerangs (quivered)
Armour
 a - a +0 buckler (worn)
 h - a +3 ring mail of positive energy (worn)
 j - a +1 pair of boots (worn)
 D - a +2 pair of gloves of strength (worn)
 K - a +0 helmet (worn)
Jewellery
 i - an amulet of regeneration (around neck)
 m - a ring of wizardry (right hand)
 x - an amulet of faith
 y - a ring of protection from cold
 Q - the ring of the Princeling (left hand) {Fly rF+ rC+ Int+6}
   (You found it on level 5 of the Lair of Beasts)

   [ring of intelligence]

   Int:       It affects your intelligence (+6).
   rF:        It protects you from fire.
   rC:        It protects you from cold.
   Fly:       It grants you flight.
 V - an amulet of the acrobat
Wands
 r - a wand of roots (16)
 s - a wand of flame (24)
 t - a wand of charming (13)
 F - a wand of digging (11)
 M - a wand of polymorph (6)
Scrolls
 e - 2 scrolls of butterflies
 f - 2 scrolls of blinking
 g - 4 scrolls of amnesia
 u - 10 scrolls of teleportation
 G - 3 scrolls of immolation
 L - 3 scrolls of silence
 S - 2 scrolls of poison
 T - 4 scrolls of fear
Potions
 d - 8 potions of might
 k - 5 potions of brilliance
 l - 2 potions of berserk rage
 n - 2 potions of ambrosia
 o - 2 potions of heal wounds
 p - 4 potions of haste
 q - 11 potions of curing
 w - a potion of mutation {unknown}
 z - 3 potions of magic
 C - 2 potions of cancellation
 J - a potion of experience {unknown}
 P - 3 potions of lignification
 R - a potion of invisibility {unknown}
 Z - 2 potions of flight {unknown}
Miscellaneous
 B - a lightning rod (4/4)


   Skills:
 + Level 11.5 Fighting
 - Level 18.0 Axes
 - Level 12.0 Armour
 - Level 8.0 Shields
 + Level 6.4 Spellcasting
 + Level 13.0 Necromancy
 + Level 2.6 Ice Magic
 - Level 5.0 Earth Magic


You had 3 spell levels left.
You knew the following spells:

 Your Spells              Type           Power      Damage    Failure   Level
a - Borgnjor's Vile Clut  Necr/Erth      21%        N/A       4%          5
b - Animate Dead          Necr           56%        N/A       1%          4
c - Dispel Undead         Necr           56%        3d20      1%          4
d - Wereblood             Tmut           6%         N/A       11%         2
e - Simulacrum            Ice/Necr       19%        N/A       38%         6
f - Blink                 Tloc           12%        N/A       11%         2

Your spell library contained the following spells:

 Spells                   Type           Power      Damage    Failure   Level
 Necrotise                Necr           100%       1d9       1%          1
 Sublimation of Blood     Necr           56%        N/A       1%          2
 Apportation              Tloc           12%        N/A       7%          1
 Beastly Appendage        Tmut           12%        N/A       7%          1
 Magic Dart               Conj           24%        1d4       7%          1
 Summon Small Mammal      Summ           24%        N/A       7%          1
 Call Imp                 Summ           6%         N/A       11%         2
 Gell's Gravitas          Tloc           6%         N/A       21%         3
 Ignite Poison            Fire/Tmut/Pois 6%         N/A       21%         3
 Lesser Beckoning         Tloc           6%         N/A       21%         3
 Mephitic Cloud           Conj/Pois/Air  6%         N/A       21%         3
 Spider Form              Tmut/Pois      6%         N/A       21%         3
 Summon Guardian Golem    Hex/Summ       6%         N/A       21%         3
 Teleport Other           Tloc           6%         N/A       21%         3
 Agony                    Necr           56%        N/A       1%          5
 Anguish                  Hex/Necr       16%        N/A       4%          4
 Corpse Rot               Necr/Pois/Air  23%        N/A       12%         4
 Leda's Liquefaction      Hex/Erth       8%         N/A       24%         4
 Lee's Rapid Deconstruct  Erth           13%        3d10*     24%         5
 Freezing Cloud           Conj/Ice/Air   5%         6-21      75%         5
 Alistair's Intoxication  Tmut/Pois      4%         N/A       86%         5
 Manifold Assault         Tloc           6%         N/A       86%         5
 Infestation              Necr           28%        N/A       88%         8
 Statue Form              Tmut/Erth      10%        N/A       97%         6
 Haunt                    Necr/Summ      16%        N/A       98%         7
 Dispersal                Tloc           3%         N/A       100%        6
 Orb of Destruction       Conj           3%         9d5       100%        7
 Spellforged Servitor     Conj/Summ      3%         N/A       100%        7


Dungeon Overview and Level Annotations

Branches:
Dungeon (13/15)            Temple (1/1) D:6            Lair (5/5) D:10
  Swamp (0/4) Lair:2       Spider (0/4) Lair:3        Slime (0/5) Lair:4
    Orc (2/2) D:11            Elf (0/3) Orc:2        Bailey (visited)
 Vaults: D:13-14

Altars:
Ashenzari
Cheibriados
Dithmenos
Elyvilon
Fedhas
Gozag
Hepliaklqana
Kikubaaqudgha
Makhleb
Nemelex Xobeh
Okawaru
Qazlal
Ru
Sif Muna
Trog
Uskayaw
Vehumet
Wu Jian
Xom
Yredelemnul
Zin
The Shining One
Jiyva

Shops:
D:3 ?   D:5 ?   D:10 !([   D:11 (!   Orc:2 ([

Portals:
Abyss: D:4
Trove: D:10 (give 9 potions of haste)

Annotations:
D:4 2 transporters, drugrobin's ghost, amateur DgDe


Message History

The troll is severely wounded.
The troll bites you but does no damage. The troll claws you.
* * * LOW HITPOINT WARNING * * *
The troll claws you.
* * * LOW HITPOINT WARNING * * *
Unknown command.
Unknown command.
You slash the troll!
The troll writhes in agony.
You feel a bit better.
You kill the troll!
Kikubaaqudgha accepts your kill.
The dead are walking!
You howl as the wereblood boils in your veins!
Your orc knight zombie hits the orc warlord.
The orc warlord shoots a bolt.
The bolt hits you!
* * * LOW HITPOINT WARNING * * *
You feel much better.
Your gnoll bouda zombie hits the orc warlord.
The orc warlord shoots a bolt.
The bolt hits you!!
* * * LOW HITPOINT WARNING * * *
Your orc knight zombie hits the orc warlord but does no damage.
Casting: Wereblood (safe; 11% risk of failure)
Confirm with . or Enter, or press ? or * to list all spells.
Aiming: Borgnjor's Vile Clutch (dangerous; 4% risk of failure)
Press: ? - help, Shift-Dir - straight line Zombie hands grab the orc warlord.
The zombie hands constrict the orc warlord.
The orc warlord escapes!
Your gnoll bouda zombie hits the orc warlord.
Unknown command.
Unknown command.
Unknown command.
Casting: Borgnjor's Vile Clutch (dangerous; 4% risk of failure)
Confirm with . or Enter, or press ? or * to list all spells.
You blink.
The orc sorcerer casts a spell.
Your troll zombie bites the orc warlord but does no damage.
Your troll zombie claws the orc warlord but does no damage. x2
The orc warlord shoots a bolt.
The bolt hits you!!
You die...
Kikubaaqudgha rasps: "You have failed me!
Welcome... death!"

##.......####
#....[..###
##.......# ####....#
###...### #..)[..###
##.## #####....oo#.##
### ##.....T..[....#
##..............###
##......#.#.#......##
#......######.......#
###.....@.#.......###
##.....Z##....#.#
#....Zo.....####
##...Zo§....#
##........##
##....4.## ###....#
#..### ####


You could see an orc warlord (ally target), an orange demon (summoned), an orc
sorcerer (strong), a friendly gnoll bouda zombie, a friendly orc knight zombie
and a friendly troll zombie.

Vanquished Creatures
  Nessos (Lair:4)
  Snorg (D:11)
  2 boulder beetles
  2 hydras
  Erolcha (D:11)
  A centaur warrior (D:11)
  3 catoblepae
  A deep troll shaman (Lair:5)
  10 death yaks
  Nergalle (D:11)
  4 orc high priests (Orc:2)
  Amaemon (D:9)
  A lindwurm (Lair:4)
  2 deep elf pyromancers (D:12)
  2 orc knights
  2 orc sorcerers
  A cyclops (D:13)
  9 elephants
  A manticore (D:11)
  7 black mambas
  A torpor snail (Lair:3)
  10 cane toads
  A gargoyle (D:12)
  An orange demon (D:8)
  5 kobold demonologists
  8 komodo dragons
  Maggie (D:6)
  An unseen horror (D:12)
  A rime drake (Lair:5)
  2 guardian mummies (D:10)
  8 trolls
  A tyrant leech (Lair:2)
  Grinder (D:5)
  2 polar bears
  2 hornets
  A dream sheep (Lair:3)
  19 blink frogs
  A shadow (D:12)
  A wraith (D:12)
  26 yaks
  2 basilisks
  4 wyverns
  A water elemental (D:11)
  3 steam dragons
  5 wargs
  2 swamp worms (Lair:2)
  An acid dragon (D:9)
  8 water moccasins
  27 orc warriors
  An ice beast (D:5)
  2 sky beasts (D:7)
  5 black bears
  6 ogres
  24 wolves
  2 centaurs
  3 phantoms
  4 kobold brigands
  8 bullfrogs
  3 gnoll sergeants
  A scorpion (Lair:2)
  8 wights
  15 electric eels
  4 howler monkeys
  2 lava snakes (Lair:3)
  3 jellies
  11 orc priests
  4 hounds
  2 gnoll boudas
  2 iguanas
  14 orc wizards
  19 gnolls
  8 adders
  A white imp (D:13)
  2 ufetubi
  2 worms
  2 dart slugs
  62 orcs
  7 ball pythons
  7 endoplasms
  A giant cockroach (D:2)
  8 hobgoblins
  12 jackals
  3 quokkas
  2 bats
  3 frilled lizards (D:3)
  23 goblins
  17 kobolds
  5 rats
507 creatures vanquished.

Vanquished Creatures (collateral kills)
  A boulder beetle (Lair:2)
  2 hydras (Lair:2)
  A lindwurm (Lair:5)
  An orc sorcerer (Orc:2)
  4 elephants
  A cane toad (Lair:5)
  A rime drake (Lair:2)
  A komodo dragon (Lair:5)
  5 blink frogs
  2 dream sheep (Lair:3)
  A wyvern (Lair:3)
  3 yaks
  2 wargs (Orc:2)
  A water moccasin (Lair:5)
  2 orc warriors
  2 ogres
  8 wolves
  A bullfrog (Lair:2)
  2 electric eels (Lair:3)
  A lava snake (Lair:3)
  3 orc priests
  An orc wizard (Orc:1)
  A gnoll (Orc:2)
  6 orcs
  A butterfly (Lair:1)
54 creatures vanquished.

Vanquished Creatures (others)
  An orc knight (Orc:1)
  A cane toad (Lair:4)
  A komodo dragon (Lair:1)
  A boulder beetle zombie (Lair:2)
  2 black mamba zombies
  A water moccasin (Lair:2)
  A cane toad zombie (Lair:5)
  An elf zombie (D:12)
  A bullfrog (Lair:4)
  4 warg zombies (Orc:2)
  2 troll zombies (Orc:2)
  A yak zombie (Lair:2)
  6 wolf zombies
  A bullfrog zombie (Lair:4)
  2 ogre zombies (Orc:2)
  34 orc zombies
  An adder (D:6)
  3 kobolds (D:10)
  3 kobold zombies (D:10)
  41 fungi
  30 plants
138 creatures vanquished.

Grand Total: 699 creatures vanquished

Notes
Turn   | Place    | Note
-------+----------+-------------------------------------------
     0 | D:1      | siradein the Hill Orc Fighter began the quest for the Orb.
     0 | D:1      | Reached XP level 1. HP: 19/19 MP: 1/1
   204 | D:1      | Found a faded altar of an unknown god.
   211 | D:1      | Reached XP level 2. HP: 27/27 MP: 2/2
   277 | D:1      | Reached skill level 3 in Axes
   811 | D:2      | Reached XP level 3. HP: 31/33 MP: 3/3
  1206 | D:3      | Reached XP level 4. HP: 41/41 MP: 4/4
  1246 | D:3      | Reached skill level 4 in Axes
  1248 | D:3      | Reached XP level 5. HP: 11/47 MP: 5/5
  1494 | D:3      | Found Nuagaib's Magic Scroll Emporium.
  1511 | D:3      | Bought a scroll of identify for 22 gold pieces
  1830 | D:4      | Found a one-way gate to the infinite horrors of the Abyss.
  1830 | D:4      | Noticed drugrobin's ghost (amateur DgDe)
  1835 | D:4      | Found a transporter.
  1842 | D:4      | Noticed a small abomination
  1874 | D:4      | Noticed a small abomination
  1877 | D:4      | Noticed a water moccasin
  1887 | D:4      | Killed a water moccasin
  1888 | D:4      | Reached skill level 5 in Fighting
  1888 | D:4      | Reached XP level 6. HP: 38/56 MP: 6/6
  2120 | D:4      | Found a bloodstained altar of Trog.
  2277 | D:4      | Found a transporter.
  2355 | D:4      | Reached skill level 5 in Axes
  2638 | D:4      | Reached skill level 5 in Armour
  2730 | D:4      | Reached skill level 5 in Shields
  2756 | D:4      | Reached XP level 7. HP: 56/62 MP: 7/7
  2831 | D:5      | Entered Level 5 of the Dungeon
  2855 | D:5      | Noticed Grinder
  2864 | D:5      | Paralysed by Grinder for 3 turns
  2873 | D:5      | Killed Grinder
  2986 | D:5      | Reached skill level 6 in Axes
  3115 | D:5      | Reached XP level 8. HP: 55/71 MP: 8/8
  3257 | D:5      | Found Guon's Magic Scroll Shop.
  3262 | D:5      | Bought a scroll of poison for 56 gold pieces
  3262 | D:5      | Bought a scroll of teleportation for 42 gold pieces
  3316 | D:5      | Reached skill level 7 in Axes
  3680 | D:6      | Noticed Maggie
  3693 | D:6      | Killed Maggie
  3792 | D:6      | Reached XP level 9. HP: 76/79 MP: 9/9
  3843 | D:6      | Reached skill level 8 in Axes
  4040 | D:6      | Found a staircase to the Ecumenical Temple.
  4057 | Temple   | Entered the Ecumenical Temple
  4204 | Temple   | Became a worshipper of Kikubaaqudgha
  4384 | D:6      | Learned a level 2 spell: Wereblood
  4389 | D:6      | Learned a level 4 spell: Animate Dead
  4551 | D:7      | Found a flagged portal.
  4571 | Bailey   | Entered a bailey
  4645 | Bailey   | Reached skill level 1 in Necromancy
  4647 | Bailey   | Noticed a kobold demonologist
  4659 | Bailey   | Noticed an ice devil
  4663 | Bailey   | Killed a kobold demonologist
  4894 | Bailey   | Noticed an orc knight
  4901 | Bailey   | Killed an orc knight
  4902 | Bailey   | Reached skill level 9 in Axes
  5015 | Bailey   | Reached * piety under Kikubaaqudgha
  5015 | Bailey   | Received a gift from Kikubaaqudgha
  5017 | Bailey   | Reached XP level 10. HP: 88/90 MP: 10/10
  5189 | Bailey   | Found an iron altar of Okawaru.
  5189 | Bailey   | Noticed a kobold demonologist
  5199 | Bailey   | Killed a kobold demonologist
  5938 | D:7      | Reached skill level 10 in Axes
  5957 | D:7      | Reached ** piety under Kikubaaqudgha
  6718 | D:8      | Reached skill level 10 in Fighting
  6882 | D:9      | Acquired 1231 gold pieces
  7028 | D:3      | Bought a scroll of acquirement for 572 gold pieces
  7028 | D:3      | Bought a scroll of enchant weapon for 82 gold pieces
  7028 | D:3      | Bought a scroll of enchant weapon for 82 gold pieces
  7099 | D:5      | Bought a scroll of enchant weapon for 105 gold pieces
  7099 | D:5      | Bought a scroll of silence for 133 gold pieces
  7099 | D:5      | Bought a scroll of brand weapon for 133 gold pieces
  7099 | D:5      | Bought a scroll of magic mapping for 105 gold pieces
  7153 | D:9      | Reached skill level 5 in Necromancy
  7443 | D:9      | Noticed Amaemon
  7443 | D:9      | Noticed an orange demon
  7498 | D:8      | Killed an orange demon
  7561 | D:9      | Killed Amaemon
  7562 | D:9      | Reached skill level 11 in Axes
  7562 | D:9      | Reached XP level 11. HP: 37/99 MP: 11/11
  8050 | D:9      | Found a shadowy altar of Dithmenos.
  8205 | D:9      | Found a burning altar of Makhleb.
  8345 | D:9      | Found a white marble altar of Elyvilon.
  8345 | D:9      | Found a shimmering altar of Xom.
  8475 | D:10     | Entered Level 10 of the Dungeon
  8476 | D:10     | Found Niqupull's Distillery.
  8491 | D:10     | Bought a potion of degeneration for 12 gold pieces
  8491 | D:10     | Bought a potion of berserk rage for 60 gold pieces
  8491 | D:10     | Bought a potion of cancellation for 96 gold pieces
  8537 | D:10     | Found Fozimig's Antique Weapon Shop.
  8563 | D:10     | Found a snail-covered altar of Cheibriados.
  8601 | D:10     | Reached skill level 10 in Armour
  8615 | D:10     | Found Xuniskyq's Antique Armour Boutique.
  8618 | D:10     | Identified the +6 broad axe of Xuyroir {flame, rElec Str+6}
  8623 | D:10     | Reached *** piety under Kikubaaqudgha
  8623 | D:10     | Received a gift from Kikubaaqudgha
  8924 | D:10     | Found a portal to a secret trove of treasure.
  9110 | D:10     | Reached skill level 12 in Axes
  9332 | D:10     | Found a staircase to the Lair.
  9627 | D:11     | Noticed Nergalle
  9640 | D:11     | Killed Nergalle
  9923 | D:11     | You fall into a shaft and drop 2 floors!
  9963 | D:13     | Acquired 753 gold pieces
  9969 | D:13     | Noticed a cyclops
  9976 | D:13     | Killed a cyclops
  9988 | D:13     | Noticed a death knight
  9988 | D:13     | Noticed a boulder beetle
  9996 | D:13     | Noticed a centaur warrior
 10065 | D:11     | Found Catt's Weapon Boutique.
 10065 | D:11     | Found a staircase to the Orcish Mines.
 10066 | D:11     | Noticed Snorg
 10067 | D:11     | Noticed Erolcha
 10069 | D:11     | Noticed a manticore
 10077 | D:11     | Killed Erolcha
 10081 | D:11     | Killed Snorg
 10082 | D:11     | Reached skill level 13 in Axes
 10082 | D:11     | Reached XP level 12. HP: 56/106 MP: 12/12
 10183 | D:11     | Reached **** piety under Kikubaaqudgha
 10227 | D:11     | Learned a level 4 spell: Dispel Undead
 10230 | D:11     | Found Zidosec's Distillery.
 10233 | D:11     | Bought a potion of haste for 140 gold pieces
 10233 | D:11     | Bought a potion of attraction for 42 gold pieces
 10233 | D:11     | Bought a potion of magic for 112 gold pieces
 10233 | D:11     | Bought a potion of curing for 42 gold pieces
 10233 | D:11     | Bought a potion of curing for 42 gold pieces
 10233 | D:11     | Bought a potion of curing for 42 gold pieces
 10233 | D:11     | Bought a potion of curing for 42 gold pieces
 10569 | D:11     | Noticed a centaur warrior
 10579 | D:11     | Killed a centaur warrior
 10907 | Lair:1   | Entered Level 1 of the Lair of Beasts
 11079 | Lair:1   | Noticed a five-headed hydra
 11085 | Lair:1   | Killed a two-headed hydra
 11151 | Lair:1   | Noticed a death yak
 11151 | Lair:1   | Noticed a death yak
 11151 | Lair:1   | Noticed a death yak
 11153 | Lair:1   | Noticed a death yak
 11158 | Lair:1   | Killed a death yak
 11163 | Lair:1   | Killed a death yak
 11165 | Lair:1   | Reached skill level 14 in Axes
 11167 | Lair:1   | Killed a death yak
 11169 | Lair:1   | Killed a death yak
 11917 | Lair:2   | Reached skill level 10 in Necromancy
 11929 | Lair:2   | Reached skill level 15 in Axes
 11978 | Lair:2   | Noticed a boulder beetle
 12001 | Lair:2   | Killed a boulder beetle
 12053 | Lair:2   | Noticed a six-headed hydra
 12055 | Lair:2   | Noticed a five-headed hydra
 12059 | Lair:2   | Reached skill level 1 in Spellcasting
 12067 | Lair:2   | Killed a two-headed hydra
 12068 | Lair:2   | Reached XP level 13. HP: 58/113 MP: 13/15
 12659 | Lair:2   | Found a staircase to the Swamp.
 12759 | Lair:2   | Learned a level 5 spell: Borgnjor's Vile Clutch
 12936 | Lair:3   | Reached skill level 16 in Axes
 12947 | Lair:3   | Reached skill level 1 in Earth Magic
 13044 | Lair:3   | Found a hole to the Spider Nest.
 13164 | Lair:3   | Reached ***** piety under Kikubaaqudgha
 13786 | Lair:4   | Identified the +2 falchion "Newt's Nightmare" {freeze,
                  | *Noise Will+ Int+2}
 14087 | Lair:4   | Found a staircase to the Slime Pits.
 14088 | Lair:4   | Found a viscous altar of Jiyva.
 14102 | Lair:4   | Identified the +9 trident of Ambiguity {spect, rC+ Str+3}
 14224 | Lair:4   | Noticed Nessos
 14234 | Lair:4   | Killed Nessos
 14580 | Lair:5   | Entered Level 5 of the Lair of Beasts
 14581 | Lair:5   | Acquired a +3 antimagic executioner's axe
 14802 | Lair:5   | Reached XP level 14. HP: 67/121 MP: 20/20
 15025 | Lair:5   | Reached skill level 17 in Axes
 15056 | Lair:5   | Reached skill level 5 in Earth Magic
 15060 | Lair:5   | Reached skill level 5 in Spellcasting
 15713 | Lair:5   | Identified the ring of the Princeling {Fly rF+ rC+ Int+6}
 16493 | D:12     | Learned a level 6 spell: Simulacrum
 16949 | Orc:1    | Entered Level 1 of the Orcish Mines
 17108 | Orc:1    | Reached skill level 1 in Ice Magic
 17396 | Orc:2    | Entered Level 2 of the Orcish Mines
 17396 | Orc:2    | Found Qioczar's Antique Armour Emporium.
 17397 | Orc:2    | Paralysed by an orc sorcerer for 5 turns
 17431 | Orc:2    | Reached skill level 18 in Axes
 17453 | Orc:2    | Reached XP level 15. HP: 100/130 MP: 4/24
 17454 | Orc:2    | Reached ****** piety under Kikubaaqudgha
 17456 | Orc:2    | Identified a +9 broad axe of pain (a +7 broad axe of
                  | freezing bloodied by Kikubaaqudgha)
 17456 | Orc:2    | Received a gift from Kikubaaqudgha
 17615 | Orc:2    | Found a staircase to the Elven Halls.
 17623 | Orc:2    | Found Qesykk's Antique Weapon Shoppe.
 17674 | Orc:2    | Noticed an orc warlord
 17962 | Orc:1    | Learned a level 2 spell: Blink
 18472 | Orc:2    | Paralysed by an orc sorcerer for 5 turns
 18497 | Orc:1    | Shot with a bolt by an orc warlord

Illustrated notes

Levels and vault maps discovered:
D:1:      eino_arrival_tree_alley, layout_rooms, shapermc_ecumenical_altar_gd
D:2:      layout_basic, minivault_24, kennysheep_nub
D:3:      layout_basic, serial_shops, nicolae_shop_advertising_works
          [nicolae_subvault_shop_adworks]
D:4:      layout_layer_cave, lemuel_tele_altar, gammafunk_ghost_abyssal_escape
D:5:      layout_loops_ring, serial_shops, nicolae_shop_hallway_stairs,
          uniq_grinder
D:6:      layout_cave_pools, minmay_temple_entry_mini_moons, uniq_maggie
D:7:      layout_basic, enter_bailey_5, grunt_tough_drop
D:8:      layout_loops_ring, grunt_decor_resistance
D:9:      layout_loops_corners, mainiacjoe_overflow_swirl,
          gammafunk_temple_overflow_pools, nicolae_figureground_sparkle,
          uniq_amaemon
D:10:     layout_rooms, cheibriados_altar_1, erik_lair_dragon,
          nicolae_trove_entry_path_of_doom, serial_shops, shop, shop_coins,
          nicolae_shop_trees
D:11:     layout_basic, orc_david_3, serial_shops, kennysheep_mini_moat,
          minmay_misc_feat_roman, kennysheep_generic_room_11, uniq_snorg,
          uniq_nergalle, uniq_erolcha
D:12:     layout_loops_ring, billiards_dpeg
D:13:     layout_basic, serial_ice, serial_ice_j, serial_ice_o, serial_ice_h,
          serial_ice_m, portal_ice_cave_entry_animals_and_master
Temple:   nicolae_temple_elliptical
Lair:1:   beast_lair_carwin_large_4, layout_concentric_octagons,
          infiniplex_staircase_pool_2, lemuel_fruit_fields
Lair:2:   layout_misc_corridors, palyth_hydra_swamp_entry
Lair:3:   layout_regular_city, spider_nest_entry_web_field,
          nicolae_lair_liquid_snakes, grunt_megastairs_3,
          infiniplex_staircase_pool
Lair:4:   layout_gridlike, slime_entry_1, grunt_megastairs_5, uniq_nessos
Lair:5:   grunt_lair_end_beastmaster, layout_gridlike, grunt_megastairs_4
Orc:1:    layout_diamond_mine
Orc:2:    grunt_orc_gardens, layout_diamond_mine, grunt_orc_garden,
          grunt_orc_garden, grunt_orc_garden, grunt_orc_garden

Skill      XL: |  1  2  3  4  5  6  7  8  9 10 11 12 13 14 15 |
---------------+----------------------------------------------+-----
Axes           | 3 4 5 6 7 9 11 13 15 16 18 | 18.0
Fighting       | 4 5 6 7 8 10 11 | 11.5
Armour         | 4 5 6 8 9 11 12 | 12.0
Shields        | 4 5 6 8 |  8.0
Necromancy     | 3 5 7 10 11 12 13 | 13.0
Spellcasting   | 1 4 6 |  6.4
Earth Magic    | 4 5 |  5.0
Ice Magic      | 2 |  2.6

Action                   |  1- 3 |  4- 6 |  7- 9 | 10-12 | 13-15 || total
-------------------------+-------+-------+-------+-------+-------++-------
Melee: War axe           |    71 |   168 |    54 |       |       ||   293
       Morningstar       |       |       |    37 |       |       ||    37
       Broad axe         |       |       |   102 |   470 |   175 ||   747
       Executioner's axe |       |       |       |       |    65 ||    65
       Trident           |       |       |       |       |   245 ||   245
Throw: Boomerang         |       |       |     2 |       |       ||     2
 Cast: Animate Dead      |       |       |       |     7 |    19 ||    26
       Wereblood         |       |       |       |       |    13 ||    13
       Borgnjor's Vile C |       |       |       |       |    20 ||    20
       Blink             |       |       |       |       |     2 ||     2
Invok: Unearth Wretches  |       |       |       |     2 |     2 ||     4
       Brand Weapon With |       |       |       |       |     1 ||     1
Evoke: Wand              |       |       |     2 |     3 |       ||     5
  Use: Scroll            |       |     4 |     2 |    12 |    12 ||    30
       Potion            |       |       |       |     1 |     1 ||     2
 Stab: Distracted        |       |       |       |     4 |     7 ||    11
       Paralysed         |       |       |       |     4 |     2 ||     6
Armor: Scale mail        |    17 |       |       |     9 |       ||    26
       Plate armour      |    25 |   132 |    89 |   115 |       ||   361
       Ring mail         |       |       |       |   133 |   128 ||   261
       Acid dragon scale |       |       |       |    13 |    73 ||    86
Dodge: Dodged            |    16 |    45 |    61 |   201 |   184 ||   507
Block: Buckler           |    12 |    51 |    48 |   131 |    82 ||   324

Table legend: (Time is in decaauts)
 A = Elapsed time spent in this place.
 B = Non-inter-level travel time spent in this place.
 C = Inter-level travel time spent in this place.
 D = Time resting spent in this place.
 E = Time spent auto-exploring this place.
 F = Levels seen in this place.
 G = Mean time per level.
                   A        B        C        D        E       F      G
               +--------+--------+--------+--------+--------+-----+--------+
         Total |  19554 |  17768 |   1786 |   1010 |  12975 |  22 |  888.8 |
       Dungeon |  11442 |  10109 |   1333 |    543 |   7490 |  13 |  880.2 |
        Temple |    173 |    141 |     32 |      0 |    121 |   1 |  173.0 |
          Lair |   5855 |   5494 |    361 |     92 |   4429 |   5 | 1171.0 |
  Orcish Mines |   1180 |   1120 |     60 |    246 |    487 |   2 |  590.0 |
        Bailey |    903 |    903 |      0 |    129 |    446 |   1 |  903.0 |
               +--------+--------+--------+--------+--------+-----+--------+

Top non-repeatable levels by time:
  Lair:5: 1499 daAuts
    D:11: 1466 daAuts
    D:10: 1418 daAuts
  Lair:1: 1170 daAuts
     D:4: 1150 daAuts
     D:9: 1125 daAuts
  Lair:2: 1115 daAuts
  Lair:4: 1102 daAuts
     D:8: 1088 daAuts
  Lair:3: 966 daAuts
     D:5: 940 daAuts
  Bailey: 903 daAuts
    D:12: 862 daAuts
     D:7: 836 daAuts
   Orc:1: 807 daAuts
